 Dungeon Crawl Stone Soup version 0.29.1-2-gbd0b4ee654 (webtiles) character file.

Game seed: 13984019234724000267

16 opdollar the Covert (level 2, -2/29 HPs)
             Began as a Gnoll Delver on Nov 11, 2022.
             Slain by a howler monkey (6 damage)
             ... on level 5 of the Dungeon.
             The game lasted 00:06:59 (586 turns).

opdollar the Covert (Gnoll Delver)                   Turns: 586, Time: 00:07:00

Health: -2/29      AC:  6    Str: 11    XL:     2   Next: 58%
Magic:  2/2        EV: 10    Int:  9    God:
Gold:   46         SH:  0    Dex: 13    Spells: 2/2 levels left

rFire   . . .      SeeInvis .   a - +0 spear
rCold   . . .      Faith    .   (no shield)
rNeg    . . .      Spirit   .   i - +0 scale mail
rPois   .          Reflect  .   (no helmet)
rElec   .          Harm     .   (no cloak)
rCorr   .          Rampage  .   (no gloves)
Will    .....                   (no boots)
Stlth   +++.......              (no amulet)
HPRegen 0.09/turn               (no ring)
MPRegen 0.08/turn               (no ring)

@: no status effects
A: fangs 1, strong nose, distributed training
a: no special abilities


You were on level 5 of the Dungeon.
You visited 1 branch of the dungeon, and saw 2 of its levels.

You collected 46 gold pieces.

Inventory:

Hand Weapons
 a - a +0 spear (weapon)
Armour
 b - a +0 leather armour
 i - a +0 scale mail (worn)
Wands
 g - a wand of digging (3)
Scrolls
 c - a scroll of fog
 d - a scroll of magic mapping
 h - a scroll of blinking {unknown}
Potions
 f - a potion of haste


   Skills:
 + Level 6.5 Fighting
 + Level 0.5 Short Blades
 + Level 0.5 Long Blades
 + Level 0.5 Axes
 + Level 0.5 Maces & Flails
 + Level 4.5 Polearms
 + Level 0.5 Staves
 + Level 0.5 Ranged Weapons
 + Level 0.5 Throwing
 + Level 0.5 Armour
 + Level 4.5 Dodging
 + Level 9.5 Stealth
 + Level 0.5 Shields
 + Level 0.5 Unarmed Combat
 + Level 0.5 Spellcasting
 + Level 0.3 Conjurations
 + Level 0.3 Hexes
 + Level 0.3 Summonings
 + Level 0.3 Necromancy
 + Level 0.3 Translocations
 + Level 0.3 Transmutations
 + Level 0.3 Fire Magic
 + Level 0.3 Ice Magic
 + Level 0.3 Air Magic
 + Level 0.3 Earth Magic
 + Level 0.3 Poison Magic
 + Level 0.6 Invocations
 + Level 0.5 Evocations


You had 2 spell levels left.
You didn't know any spells.
Your spell library contained the following spells:

 Spells                   Type           Power      Damage    Failure   Level
 Ensorcelled Hibernation  Hex/Ice        0%         N/A       97%         2
 Passwall                 Tmut/Erth      0%         N/A       97%         2
 Swiftness                Air            0%         N/A       99%         3


Dungeon Overview and Level Annotations

Branches:
Dungeon (6/15)
 Temple: D:4-7

Altars:

Annotations:
D:5 Prince Ribbit


Innate Abilities, Weirdness & Mutations

You have very sharp teeth.
Your uncanny sense of smell can sniff out nearby items.
Your experience applies equally to all skills.


Message History

The howler monkey is moderately wounded.
Prince Ribbit comes into view.
The howler monkey hits you but does no damage.
You barely miss the howler monkey. Your bite misses the howler monkey.
The howler monkey is moderately wounded.
The howler monkey hoots and howls with incredible vigour!
You hear a shout! x2; You hear an angry growl.
You hear an angry hiss. x2
You hear a shout! x2
You barely miss the howler monkey.
The howler monkey is moderately wounded.
Prince Ribbit blinks!
The howler monkey hits you. Prince Ribbit hits you.
You hit the howler monkey.
The howler monkey is heavily wounded.
The howler monkey hoots and howls with incredible vigour!
Prince Ribbit hits you but does no damage.
You hear an angry hiss.
You hear a shout!
You hit the howler monkey. You bite the howler monkey.
The howler monkey is severely wounded.
The howler monkey barely misses you. Prince Ribbit barely misses you.
Prince Ribbit hits you!
Ouch! That really hurt!
* * * LOW HITPOINT WARNING * * *
The howler monkey barely misses you.
You see here a scroll of fog.
Prince Ribbit hits you but does no damage.
A centaur comes into view.
Prince Ribbit hits you.
* * * LOW HITPOINT WARNING * * *
The howler monkey hits you.
* * * LOW HITPOINT WARNING * * *
There is a stone staircase leading up here.
Prince Ribbit hits you but does no damage.
The centaur wields a +0 shortbow.
The centaur shoots an arrow.
The arrow barely misses you. The howler monkey barely misses you.
You climb upwards.
There is a stone staircase leading down here.
You hit the howler monkey.
The howler monkey is almost dead.
Prince Ribbit barely misses you. The howler monkey hits you.
You die...

..................#
.................##
.....##......#####
.....###..####
.###..##.....### .
#...##.......### #
###.###.####....##.####
#.....#..###...........
#........#.....@F......
.#........#......h...#..
....................##
....................#
........#..........##
...........#####.###
.....#.#...# ###
..########## .#


You could see Prince Ribbit and a howler monkey.

Vanquished Creatures
  An adder (D:5)
  A white imp (D:5)
2 creatures vanquished.

Notes
Turn   | Place    | Note
-------+----------+-------------------------------------------
     0 | D:5      | Reached skill level 9 in Stealth
     0 | D:5      | opdollar the Gnoll Delver began the quest for the Orb.
     0 | D:5      | Reached XP level 1. HP: 23/23 MP: 1/1
   118 | D:5      | HP: 1/23 [white imp/puff of frost (4)]
   128 | D:5      | Reached XP level 2. HP: 2/29 MP: 2/2
   569 | D:6      | Noticed a howler monkey
   577 | D:6      | Noticed Prince Ribbit
   583 | D:6      | Noticed a centaur
   584 | D:6      | Noticed a black bear
   586 | D:5      | Slain by a howler monkey

Illustrated notes

Levels and vault maps discovered:
D:5:      layout_cave_pools, grunt_gozag_breadcrumbs, old_standard_altar,
          minmay_temple_entry_enclosed_plants, water_boxes_lemuel
D:6:      layout_rooms, nicolae_uskayaw_dance_studio, lightli_minifort,
          uniq_prince_ribbit1, uniq_eustachio, uniq_maggie

Skill      XL: | |
---------------+-+-----
Stealth        | |  9.5
Fighting       | |  6.5
Short Blades   | |  0.5
Long Blades    | |  0.5
Axes           | |  0.5
Maces & Flails | |  0.5
Polearms       | |  4.5
Staves         | |  0.5
Ranged Weapons | |  0.5
Throwing       | |  0.5
Armour         | |  0.5
Dodging        | |  4.5
Shields        | |  0.5
Unarmed Combat | |  0.5
Spellcasting   | |  0.5
Conjurations   | |  0.3
Hexes          | |  0.3
Summonings     | |  0.3
Necromancy     | |  0.3
Translocations | |  0.3
Transmutations | |  0.3
Fire Magic     | |  0.3
Ice Magic      | |  0.3
Air Magic      | |  0.3
Earth Magic    | |  0.3
Poison Magic   | |  0.3
Invocations    | |  0.6
Evocations     | |  0.5

Action                   || total
-------------------------++-------
Melee: Spear             ||    30
       Bite              ||     4
  Use: Scroll            ||     1
Armor: Scale mail        ||    12
Dodge: Dodged            ||    14
